 Dungeon Crawl Stone Soup version 0.24.0-123-gd5b16e6ec5 (webtiles) character file.

Game seed: 14267968836801287670, levelgen mode: deterministic

5 Voronwe the Skirmisher (level 1, 0/11 HPs)
             Began as a Vine Stalker Wanderer on Jan 27, 2020.
             Slain by a leopard gecko (1 damage)
             ... on level 1 of the Dungeon.
             The game lasted 00:01:27 (78 turns).

Voronwe the Skirmisher (Vine Stalker Wanderer)        Turns: 78, Time: 00:01:27

Health: 0/11       AC:  5    Str: 16    XL:     1   Next: 80%
Magic:  0/2        EV: 10    Int: 12    God:
Gold:   0          SH:  0    Dex: 11    Spells: 0/0 levels left

rFire    . . .     SeeInvis .   a - +2 short sword
rCold    . . .     Gourm    .   (no shield)
rNeg     . . .     Faith    .   b - +0 ring mail
rPois    .         Spirit   +   (no helmet)
rElec    .         Reflect  .   (no cloak)
rCorr    .         Harm     .   (no gloves)
MR       .....                  (no boots)
Stlth    +.........             (no amulet)
HPRegen  0.03/turn              (no ring)
MPRegen  0.08/turn              (no ring)

@: no status effects
A: fangs 2, magic shield, antimagic bite, no potion heal 3, rot immunity
a: no special abilities


You were on level 1 of the Dungeon.
You were not hungry.

You visited 1 branch of the dungeon, and saw 1 of its levels.

Inventory:

Hand Weapons
 a - a +2 short sword (weapon)
 d - a +0 dagger
Missiles
 e - 22 sling bullets
Armour
 b - a +0 ring mail (worn)
Potions
 c - a potion of lignification
 g - a potion of haste {unknown}
Comestibles
 f - a ration


   Skills:
 - Level 2.6 Fighting
 - Level 1.0 Short Blades
   Level 1.0 Maces & Flails
 - Level 1.0 Armour
 - Level 1.0 Dodging
 - Level 2.4 Stealth
   Level 1.0 Shields
 + Level 1.3 Unarmed Combat


You couldn't memorise any spells.
You didn't know any spells.
Your spell library was empty.

Dungeon Overview and Level Annotations

Branches:
Dungeon (1/15)

Altars:


Innate Abilities, Weirdness & Mutations

You have extremely sharp teeth.
When hurt, damage is shared between your health and your magic reserves.
Your bite disrupts and absorbs the magic of your enemies.
Potions cannot restore your health.
You are immune to rotting.


Message History

Your bite misses the leopard gecko. The leopard gecko bites you.
* * * LOW HITPOINT WARNING * * *
You see here a goblin corpse.
You completely miss the leopard gecko. Your bite misses the leopard gecko.
The leopard gecko closely misses you.
The leopard gecko bites you but does no damage.
You closely miss the leopard gecko. The leopard gecko barely misses you.
You miss the leopard gecko. The leopard gecko closely misses you.
The leopard gecko bites you.
* * * LOW HITPOINT WARNING * * *
The leopard gecko barely misses you. The leopard gecko barely misses you.
The leopard gecko bites you but does no damage.
The leopard gecko bites you.
* * * LOW HITPOINT WARNING * * *
You hit the leopard gecko. Your bite misses the leopard gecko.
The leopard gecko is moderately wounded.
The leopard gecko barely misses you. The leopard gecko bites you.
You die...

###..# #.# ##...# ##...#
#.. #....# .. #.†.##
#.#### #.<.##
...####..†.## #.....
#....# ........##..##
#..#.# ##...#
........###..###.##.#
##..# #######.#
##..##..#.# ##..##
#)##.##..#l#..###...#
#.....##.@.#..##...##
#...[.%...##..##.#...##
#............##.......##
....#........#.#..##..##
### #..........#.##..##
#........###....##
.........# #####
.$.........


You could see a leopard gecko.

Vanquished Creatures
  A leopard gecko (D:1)
  A goblin (D:1)
  A bat (D:1)
  A kobold (D:1)
  A rat (D:1)
5 creatures vanquished.

Notes
Turn   | Place    | Note
-------+----------+-------------------------------------------
     0 | D:1      | Voronwe the Vine Stalker Wanderer began the quest for the
                  | Orb.
     0 | D:1      | Voronwe set off with the following items: a +2 short sword,
                  | a +0 ring mail, a potion of lignification, a +0 dagger, a
                  | ration
     0 | D:1      | Reached XP level 1. HP: 11/11 MP: 2/2
    40 | D:1      | Reached skill level 1 in Unarmed Combat
    78 | D:1      | Slain by a leopard gecko

Levels and vault maps discovered:
D:1:      dpeg_chamrin_arrival_tetris, layout_rooms

Skill      XL: |  1 |
---------------+----+-----
Unarmed Combat | 1 |  1.3
Fighting       | |  2.6
Short Blades   | |  1.0
Maces & Flails | |  1.0
Armour         | |  1.0
Dodging        | |  1.0
Stealth        | |  2.4
Shields        | |  1.0

Action                   || total
-------------------------++-------
Melee: Short sword       ||    17
       Bite              ||     3
Armor: Ring mail         ||     5
Dodge: Dodged            ||    10
